 Dungeon Crawl Stone Soup version 0.29.1-4-g47bece8355 (webtiles) character file.

Game seed: 14964297970983334706

582 mester the Insei (level 7, -4/50 HPs)
             Began as a Djinni Transmuter on Dec 1, 2022.
             Was an Initiate of Wu Jian.
             Slain by an orc
             ... wielding a +0 club
              (5 damage)
             ... while paralysed
             ... on level 4 of the Dungeon.
             The game lasted 00:32:53 (3987 turns).

mester the Insei (Djinni Transmuter)                Turns: 3987, Time: 00:32:53

Health: -4/50      AC:  2    Str: 11    XL:     7   Next: 63%
Gold:   278        EV:  2    Int: 15    God:    Wu Jian [......] SH:  0 Dex: 13

rFire   + + .      SeeInvis +     - Unarmed
rCold   x . .      Faith    .   (no shield)
rNeg    . . .      Spirit   .   a - +0 robe
rPois   ∞          Reflect  .   (no helmet)
rElec   .          Harm     .   (no cloak)
rCorr   .          Rampage  .   (no gloves)
Will    .....                   (boots unavailable)
Stlth   ++........              g - amulet of regeneration
HPRegen 0.96/turn               p - ring of see invisible
MPRegen 0.00/turn               (no ring)

@: paralysed, flying
A: sickness immunity, fire resistance 2, cold vulnerability 1, float, innate
caster, HP casting, extra vitality 1
a: Renounce Religion


You were on level 4 of the Dungeon.
You worshipped Wu Jian.
Wu Jian was noncommittal.
You visited 2 branches of the dungeon, and saw 5 of its levels.

You collected 278 gold pieces.

Inventory:

Hand Weapons
 k - a +0 club
 l - a +0 club
 m - a +0 short sword
 n - a +0 whip
 s - a +2 antimagic scythe
 y - a +3 mace
Armour
 a - a +0 robe (worn)
 o - a +0 animal skin
 A - a scarf of harm
Jewellery
 g - an amulet of regeneration (around neck)
 p - a ring of see invisible (left hand)
 t - an amulet of magic regeneration
 u - a ring of poison resistance
Scrolls
 c - a scroll of vulnerability {unknown}
 f - a scroll of teleportation
 r - 2 scrolls of amnesia {unknown}
 w - a scroll of acquirement {unknown}
 x - 3 scrolls of identify {unknown}
 B - a scroll of fear {unknown}
Potions
 b - 2 potions of lignification
 d - a potion of mutation {unknown}
 e - 4 potions of curing {unknown}
 h - a potion of might {unknown}
 i - a potion of heal wounds {unknown}
 j - 2 potions of ambrosia {unknown}
 q - a potion of attraction {unknown}
 v - a potion of flight {unknown}
 z - a potion of degeneration {unknown}


   Skills:
 * Level 3.1 Fighting
 + Level 3.8 Dodging
 * Level 2.8 Stealth
 + Level 5.2 Unarmed Combat
 - Level 2.7 Spellcasting


You couldn't memorise any spells.
You knew the following spells:

 Your Spells              Type           Power      Damage    Failure   Level
a - Beastly Appendage     Tmut           20%        N/A       7%          1
b - Wereblood             Tmut           10%        N/A       10%         2
c - Spider Form           Tmut/Pois      10%        N/A       21%         3
d - Ice Form              Ice/Tmut       10%        N/A       54%         4
e - Magic Dart            Conj           40%        1d5       7%          1
f - Searing Ray           Conj           20%        2d5       10%         2
g - Call Canine Familiar  Summ           10%        N/A       21%         3
Your spell library was empty.

Dungeon Overview and Level Annotations

Branches:
Dungeon (4/15)             Temple (1/1) D:4

Altars:
Ashenzari
Cheibriados
Elyvilon
Fedhas
Gozag
Hepliaklqana
Makhleb
Nemelex Xobeh
Qazlal
Ru
Trog
Uskayaw
Wu Jian
Xom
Yredelemnul
Zin
The Shining One

Shops:
D:2 :   D:3 [


Innate Abilities, Weirdness & Mutations

You are immune to sickness and miasma.
You are immune to poison.
Your flesh is very heat resistant. (rF++)
You are vulnerable to cold. (rC-)
You float through the air rather than walking.
You learn spells naturally, not from books.
Your magical power is your life essence.
You have superior vitality. (+4 MHP)


Message History

Your transformation is almost over.
The kobold hits you but does no damage.
You hit the orc but do no damage. The orc barely misses you.
The orc priest looks braver for a moment.
The kobold hits you but does no damage.
You hit the orc. You headbutt the orc, but do no damage.
The orc is severely wounded.
The orc priest calls upon Beogh to heal the orc.
The orc's wounds heal themselves!
The orc hits you with a +0 mace.
The kobold hits you with a +0 short sword.
You hit the orc.
You kill the orc!
The Council accepts your kill. The kobold completely misses you.
The orc priest invokes the aid of Beogh against you.
Beogh smites you!
* * * LOW HITPOINT WARNING * * *
The orc attacks as you move away! The orc hits you with a +0 club.
* * * LOW HITPOINT WARNING * * *
The kobold attacks as you move away! The kobold misses you.
The orc attacks as you move away! The orc closely misses you.
The kobold attacks as you move away!
The kobold hits you with a +0 short sword.
* * * LOW HITPOINT WARNING * * *
The orc attacks as you move away! The orc hits you with a +0 club.
* * * LOW HITPOINT WARNING * * *
The orc attacks as you move away! The orc misses you.
The kobold attacks as you move away!
The kobold hits you with a +0 short sword.
* * * LOW HITPOINT WARNING * * *
Trog's voice booms out, "Feel my wrath!"
You suddenly pass out!
Your horns disappear.
The kobold hits you with a +0 short sword.
* * * LOW HITPOINT WARNING * * *
The orc hits you with a +0 club.
* * * LOW HITPOINT WARNING * * *
The orc priest looks encouraged for a moment.
The orc hits you with a +0 club.
You die...

.. #... #....).......## ##......
.## ..# ##....).........#....#...
..###.###.........#........####..
...#..#.....##...##....##.# #...
............<....##....#..# #...
.......####.............#.# #..#
........##.............##.####..#
.........).....K.#.....#....#..##
..........##.ogo@###.............
......#...##..##..##.##.......#..
.....###......##......###.....#..
........[.....###.##.#......###..
.....##.......# .# #.......##..
#_..####.....## .# ##.......#..
##..# ###.........# ###........
#...# #......#.## #......## ##..#
#......## #.....###


You could see an orc priest, an orc, a hobgoblin and a kobold.

Vanquished Creatures
  Sigmund (D:2)
  An ogre (D:4)
  2 scorpions (D:4)
  A hound (D:4)
  An orc priest (D:3)
  2 orc wizards
  Robin (D:2)
  An adder (D:2)
  2 worms
  A dart slug (D:3)
  10 orcs
  7 endoplasms
  13 goblins
  4 hobgoblins
  6 kobolds
  9 quokkas
  5 ball pythons
  4 bats
  A frilled lizard (D:1)
  2 rats
74 creatures vanquished.

Vanquished Creatures (collateral kills)
  A nameless horror (D:4)
1 creature vanquished.

Vanquished Creatures (others)
  26 plants
26 creatures vanquished.

Grand Total: 101 creatures vanquished

Notes
Turn   | Place    | Note
-------+----------+-------------------------------------------
     0 | D:1      | mester the Djinni Transmuter began the quest for the Orb.
     0 | D:1      | mester set off with the following spells memorised: Beastly
                  | Appendage, Wereblood, Spider Form, Ice Form.
     0 | D:1      | Reached XP level 1. HP: 17/17 MP: 0/0
   166 | D:1      | Found a faded altar of an unknown god.
   882 | D:2      | Reached XP level 2. HP: 22/22 MP: 0/0
   921 | D:2      | Found a basalt altar of Yredelemnul.
  1082 | D:2      | Reached XP level 3. HP: 16/27 MP: 0/0
  1082 | D:2      | Learned a level 1 spell: Magic Dart
  1100 | D:2      | Noticed Robin
  1160 | D:2      | Killed Robin
  1161 | D:2      | Reached XP level 4. HP: 10/32 MP: 0/0
  1371 | D:2      | Found Gaetitip's Book Emporium.
  1636 | D:2      | Noticed Sigmund
  1647 | D:2      | Killed Sigmund
  1648 | D:2      | Reached skill level 1 in Stealth
  1648 | D:2      | Reached skill level 4 in Unarmed Combat
  1648 | D:2      | Reached XP level 5. HP: 21/38 MP: 0/0
  1648 | D:2      | Learned a level 2 spell: Searing Ray
  1648 | D:2      | Reached XP level 6. HP: 24/43 MP: 0/0
  2130 | D:3      | Found Raxegask's Antique Armour Boutique.
  2937 | D:4      | Found a staircase to the Ecumenical Temple.
  2958 | Temple   | Entered the Ecumenical Temple
  3216 | Temple   | Became a worshipper of Trog the Wrathful
  3285 | D:4      | Was placed under penance by Trog
  3343 | D:4      | Found a sand-covered staircase.
  3366 | D:4      | Reached XP level 7. HP: 49/49 MP: 0/0
  3366 | D:4      | Learned a level 3 spell: Call Canine Familiar
  3366 | D:4      | Fell from the grace of Trog
  3473 | D:4      | Reached skill level 5 in Unarmed Combat
  3779 | Temple   | Became a worshipper of the Wu Jian Council
  3941 | D:4      | Found a burning altar of Makhleb.
  3985 | D:4      | Paralysed by Trog for 7 turns
  3986 | D:4      | HP: 1/50 [orc/+0 club (5)]
  3987 | D:4      | Slain by an orc

Illustrated notes

Levels and vault maps discovered:
D:1:      wander_arrival_peaceful_grave, layout_basic,
          hellmonk_ecumenical_altar_slurped_away
D:2:      wad_woods_stonehenge, layout_basic, serial_shops,
          nicolae_shop_statue_plus, uniq_sigmund, uniq_robin
D:3:      layout_basic, mainiacjoe_overflow_catwalk, serial_shops,
          nicolae_shop_waterfront, corexii_item_surrounded_by_moat
D:4:      layout_cave_pools, lemuel_mausoleum_altar_yredelemnul,
          overflow_temple_1_default, minmay_temple_entry_glassed_door,
          enter_ossuary_5, serial_bayou_pond_e
Temple:   bh_familiar_temple

Skill      XL: |  1  2  3  4  5  6  7 |
---------------+----------------------+-----
Spellcasting   | 2 |  2.7
Fighting       | 2 3 |  3.1
Dodging        | 3 |  3.8
Stealth        | 1 2 |  2.8
Unarmed Combat | 4 5 |  5.2

Action                   |  1- 3 |  4- 6 |  7- 9 || total
-------------------------+-------+-------+-------++-------
Melee: Unarmed           |    99 |    92 |    59 ||   250
       Headbutt          |    16 |    20 |    13 ||    49
       Punch             |     1 |     2 |     2 ||     5
 Cast: Beastly Appendage |    18 |    19 |     6 ||    43
       Wereblood         |     2 |     7 |     3 ||    12
       Spider Form       |       |     4 |       ||     4
       Call Canine Famil |       |       |     3 ||     3
Invok: Lunge             |       |       |     1 ||     1
       Renounce Religion |       |       |     1 ||     1
  Use: Scroll            |       |     1 |       ||     1
 Stab: Sleeping          |       |     2 |       ||     2
Armor: Robe              |    32 |     2 |     7 ||    41
Dodge: Dodged            |    99 |    56 |    46 ||   201
